details: 'earlyfrostwyrm'

« prev index next »

General information

Mini Map

Players

team 1
Orckswmusic (purple | 88 APM | 939 actions | 10:39)
Hero icon 2 Blademaster
Ability icon 1 Wind Walk
Ability icon 1 Critical Strike
Hero icon 1 Far Seer
Ability icon 1 Feral Spirit

» actions
Assign group hotkey27
Basic commands43
Build / train38
Enter build submenu13
Enter hero's abilities submenu3
Give item / drop item2
Remove unit from queue3
Right click423
Select / deselect194
Select group hotkey144
Use ability49
939 total
» units
Peon7
Grunt6
Demolisher1
Raider1
15 total
» upgrades
Melee Weapons1
Armor1
Ensnare1
Berserker Strength1
4 total
» buildings
Altar of Storms1
Orc Burrow5
Barracks1
Voodoo Lounge2
Stronghold3
War Mill1
Watch Tower1
Beastiary1
15 total
» build order
00:07 Altar of Storms
00:19 Orc Burrow
00:53 Barracks
01:28 Voodoo Lounge
01:32 Voodoo Lounge
01:49 Orc Burrow
03:30 Stronghold
03:31 Stronghold
03:35 War Mill
03:56 Orc Burrow
04:50 Watch Tower
07:17 Beastiary
08:50 Orc Burrow
09:11 Orc Burrow
» items
Healing Salve2
Lesser Clarity Potion1
3 total
team 2
Undeadclustercluck1 (blue | 167 APM | 1779 actions | 10:40)
Hero icon 4 Death Knight
Ability icon 2 Death Coil
Ability icon 2 Unholy Aura

» actions
Assign group hotkey20
Build / train39
Enter build submenu10
Enter hero's abilities submenu4
Remove unit from queue2
Right click926
Select / deselect172
Select group hotkey559
Use ability47
1779 total
» units
Acolyte4
Ghoul3
Crypt Fiend8
Frost Wyrm1
16 total
» buildings
Altar of Darkness1
Ziggurat4
Crypt1
Tomb of Relics1
Graveyard1
Halls of the Dead3
Nerubian Tower1
Sacrificial Pit1
Black Citadel1
Spirit Tower1
Boneyard1
16 total
» build order
00:04 Altar of Darkness
00:04 Ziggurat
00:35 Crypt
00:59 Tomb of Relics
01:21 Graveyard
02:33 Halls of the Dead
02:33 Halls of the Dead
02:33 Halls of the Dead
02:50 Nerubian Tower
03:13 Ziggurat
03:49 Ziggurat
04:55 Sacrificial Pit
05:04 Black Citadel
06:28 Spirit Tower
07:27 Boneyard
09:22 Ziggurat
» items
Rod of Necromancy5
Potion of Mana2
Potion of Healing3
10 total